 Dungeon Crawl Stone Soup version 0.27.0 (webtiles) character file.

Game seed: 14820767748826793796

73 grindst0ne the Skirmisher (level 4, -2/39 HPs)
             Began as a Palentonga Fighter on July 30, 2021.
             Slain by an adder (3 damage)
             ... on level 3 of the Dungeon.
             The game lasted 00:03:00 (2226 turns).

grindst0ne the Skirmisher (Palentonga Fighter)      Turns: 2226, Time: 00:03:01

Health: -2/39      AC:  6    Str: 19    XL:     4   Next: 8%
Magic:  4/4        EV:  5    Int:  9    God:
Gold:   122        SH:  9    Dex: 10    Spells: 3/3 levels left

rFire    + . .     SeeInvis +   a - +0 war axe (freeze)
rCold    + . .     Faith    .   c - +0 kite shield
rNeg     . . .     Spirit   .   b - +0 scale mail
rPois    +         Reflect  .   (no helmet)
rElec    +         Harm     .   (no cloak)
rCorr    +         Rampage  .   (no gloves)
Will     .....                  (no barding)
Stlth    ..........             (no amulet)
HPRegen  0.13/turn              (no ring)
MPRegen  0.09/turn              (no ring)

@: brilliant, resistant, flying
A: large, rugged brown scales 3, see invisible, deformed body, roll 1, armoured
tail
a: Rolling Charge


You were on level 3 of the Dungeon.
You visited 1 branch of the dungeon, and saw 3 of its levels.

You collected 122 gold pieces.

Inventory:

Hand Weapons
 a - a +0 war axe of freezing (weapon)
Armour
 b - a +0 scale mail (worn)
 c - a +0 kite shield (worn)
Scrolls
 e - 4 scrolls of identify {unknown}
 h - a scroll of immolation {unknown}
 i - a scroll of enchant armour {unknown}
 j - a scroll of fear {unknown}
 l - a scroll of teleportation {unknown}


   Skills:
 + Level 3.8 Fighting
 - Level 2.8 Axes
 - Level 2.4 Armour
 + Level 3.1 Shields


You had 3 spell levels left.
You didn't know any spells.
Your spell library contained the following spells:

 Spells                   Type           Power      Damage    Failure   Level
 Magic Dart               Conj           0%         1d3       99%         1
 Call Imp                 Summ           0%         N/A       100%        2
 Mephitic Cloud           Conj/Pois/Air  0%         N/A       100%        3


Dungeon Overview and Level Annotations

Branches:
Dungeon (3/15)

Altars:

Shops:
D:1 (   D:2 (


Innate Abilities, Weirdness & Mutations

You are completely covered in rugged brown scales. (AC +3, +7% HP)
You have supernaturally acute eyesight. (SInv)
Armour fits poorly on your strangely shaped body.
You can roll at nearby foes to attack.
You have a long armoured tail.


Message History

It was a potion of flight.
You feel very buoyant.
You fly up into the air.
You block the adder's attack.
It was a potion of brilliance.
You feel clever all of a sudden. The adder barely misses you.
The adder bites you.
* * * LOW HITPOINT WARNING * * *
There's nothing you can charge at!
You aren't carrying any items that you can evoke.
Cleave: a) +0 war axe
Press: ? - help, Dir - move target, f - adder
Aim: an adder (heavily wounded, about 71% to evade your +0 war axe)
Okay, then.
You aren't carrying any potions.
You barely miss the adder.
The adder is heavily wounded.
The adder bites you.
* * * LOW HITPOINT WARNING * * *
You block the adder's attack.
You aren't carrying any items that you can evoke.
As you read the scroll labelled NAERITO BITID, it crumbles to dust.
You feel aware of your surroundings.
You sensed 1 altar.
It was a scroll of magic mapping.
You block the adder's attack.
As you read the scroll labelled NOCLOGHAODU, it crumbles to dust.
It is a scroll of brand weapon.
Your +0 war axe is covered with a thin layer of ice!
a - a +0 war axe of freezing (weapon)
You block the adder's attack.
You closely miss the adder.
The adder is heavily wounded.
You block the adder's attack. x2
Your scale mail prevents you from hitting the adder.
The adder is heavily wounded.
The adder bites you but does no damage. The adder bites you.
* * * LOW HITPOINT WARNING * * *
You barely miss the adder.
The adder is heavily wounded.
The adder bites you but does no damage. You block the adder's attack.
The adder bites you.
You die...

#.*#..,,,,,,,,,,,,
#.##.#****..#****# ********#.##.#
#..# # *,,,,,,,..##.# ##..# #
********,******#.##.# #...######
,,,,,,,*,* #.##.# #...#....#
,,,,,,,*,#######.##.####...#....#
,,,,,,,*,........................
,,,,,,,*,*.....#@##........###.##
,,,,,,,*,*.##*,#S#######...#.....
,,,,,,,*,*,* *,#.# #...#.#.##
,,,,,,,*,*,* *,#.# #.....#.##
*****,,*,*,* *,#.# #.....#.##
*,,*,*,* *,#.#*****#.....#.##
*,,*,*,***,...,,,,,#.<.......
*,,*,*,,,,,..#****,#.###.#..#
*,,*,*,,,,,,,* *,#.* #.#.[#


You could see an adder.

Vanquished Creatures
  3 adders
  A worm (D:2)
  3 dart slugs
  An orc (D:3)
  6 endoplasms
  2 giant cockroaches (D:2)
  4 goblins
  2 hobgoblins
  A quokka (D:1)
  2 ball pythons (D:1)
  3 bats
  3 frilled lizards (D:1)
  5 kobolds
  A rat (D:2)
37 creatures vanquished.

Notes
Turn   | Place    | Note
-------+----------+-------------------------------------------
     0 | D:1      | grindst0ne the Palentonga Fighter began the quest for the
                  | Orb.
     0 | D:1      | Reached XP level 1. HP: 19/19 MP: 1/1
   147 | D:1      | Reached XP level 2. HP: 22/25 MP: 2/2
   355 | D:1      | Found Zuluhim's Weapon Shop.
   882 | D:2      | Reached XP level 3. HP: 31/31 MP: 3/3
  1648 | D:2      | Found Forche's Antique Weapon Boutique.
  2057 | D:3      | Reached XP level 4. HP: 35/39 MP: 4/4
  2221 | D:3      | HP: 1/39 [adder (2)]
  2226 | D:3      | Slain by an adder

Illustrated notes

Levels and vault maps discovered:
D:1:      sevenhm_arrival_forest_fort_small_3, layout_basic, serial_shops,
          nicolae_square_shop
D:2:      layout_basic, serial_shops, nicolae_shop_window_shopping
D:3:      layout_basic, ebering_ecumenical_altar_box

Skill      XL: |  1  2  3 |
---------------+----------+-----
Shields        | 3 |  3.1
Fighting       | |  3.8
Axes           | |  2.8
Armour         | |  2.4

Action                   |  1- 3 |  4- 6 || total
-------------------------+-------+-------++-------
Melee: War axe           |   124 |    33 ||   157
       Tailslap          |    15 |     1 ||    16
  Use: Potion            |     2 |     3 ||     5
       Scroll            |       |     2 ||     2
Armor: Scale mail        |    76 |    19 ||    95
Dodge: Dodged            |    34 |     3 ||    37
Block: Kite shield       |    63 |    35 ||    98
